Map: [ESL] Berlingrad

Players

Solar - Winner!

  • Race: Zerg Zerg

Rogue

  • Race: Zerg Zerg

Event: IEM Katowice 2022

VOD

Have the link to the VOD?

Description

Time

  • Played on: Feb. 24, 2022, 6:39 a.m.
  • Length: 10:10

All games in this series

Show
View Real Time Build Order
Export as new Build Order

Solar Zerg - Winner!

Build Orders: Pool First 

Get SALT Encoding   

  12  0:00  Drone  
  13  0:12  Overlord  
  13  0:16  Drone  
  14  0:30  Drone x2  
  16  0:35  Extractor  
  16  0:36  Drone  
  16  0:46  Spawning Pool  
  16  0:49  Drone  
  16  0:55  Drone  
  17  1:15  Hatchery  
  17  1:32  Zergling x6  
  17  1:39  Metabolic Boost  
  19  1:45  Queen  
  21  1:51  Overlord  
  21  2:01  Zergling x2  
  22  2:10  Zergling x2  
  23  2:18  Zergling x2  
  23  2:20  Queen  
  26  2:27  Zergling x2  
  26  2:28  Queen, Zergling x2  
  30  2:39  Overlord, Zergling x2  
  31  2:48  Zergling x2  
  31  2:49  Zergling x2  
  33  2:52  Zergling x2  
  33  2:53  Zergling x2  
  33  2:54  Drone  
  36  3:01  Drone x2  
  38  3:11  Drone  
  38  3:12  Overlord  
  37  3:22  Drone x2  
  33  3:27  Drone x2  
  33  3:28  Drone x2  
  33  3:30  Drone  
  33  3:33  Drone  
  38  3:36  Drone  
  38  3:40  Drone  
  40  3:46  Drone, Evolution Chamber  
  40  3:50  Drone  
  39  3:59  Baneling Nest, Zergling x4, Evolution Chamber  
  39  4:03  Zergling x2  
  39  4:05  Zergling x2  
  39  4:06  Zergling x2  
  39  4:08  Zergling x2  
  43  4:11  Zergling x2  
  43  4:14  Zergling x4  
  46  4:19  Baneling Nest, Zergling x2  
  47  4:24  Overlord  
  47  4:28  Lair  
  47  4:30  Drone  
  47  4:34  Drone x2  
  47  4:38  Roach Warren  
  49  4:45  Drone x2  
  51  4:46  Zerg Missile Weapons Level 1  
  51  4:50  Extractor  
  51  4:52  Extractor  
  48  4:55  Drone x2  
  48  4:56  Drone  
  48  4:57  Drone  
  48  4:59  Overlord  
  51  5:03  Drone  
  51  5:04  Drone  
  51  5:06  Drone  
  54  5:08  Drone  
  54  5:11  Drone  
  56  5:20  Drone x2  
  58  5:24  Roach x3  
  63  5:30  Glial Reconstitution  
  63  5:31  Overlord  
  63  5:34  Roach  
  67  5:35  Roach  
  67  5:41  Overseer  
  67  5:42  Overlord  
  67  5:46  Overlord  
  66  5:55  Hatchery  
  65  5:59  Roach x2  
  69  6:04  Roach x2  
  69  6:07  Roach x2  
  78  6:13  Roach x4  
  85  6:26  Hatchery, Overlord  
  85  6:27  Roach  
  85  6:29  Drone  
  86  6:34  Roach x2  
  86  6:38  Overlord  
  90  6:41  Roach  
  90  6:46  Roach x3  
  98  6:50  Roach  
  100  6:55  Zerg Missile Weapons Level 2  
  100  7:01  Overlord  
  100  7:04  Roach x2  
  100  7:05  Roach  
  100  7:08  Overlord  
  106  7:11  Overlord  
  106  7:15  Drone x2, Extractor  
  107  7:19  Overlord  
  107  7:21  Ravager  
  107  7:22  Roach  
  110  7:29  Drone  
  111  7:34  Drone  
  111  7:36  Zerg Ground Armor Level 1  
  112  7:41  Overlord  
  112  7:42  Roach x2  
  116  7:46  Roach x2  
  116  7:50  Drone x3  
  116  7:51  Drone  
  124  7:52  Drone  
  124  7:56  Roach  
  127  7:59  Roach  
  133  8:05  Roach x2  
  133  8:07  Overseer  
  133  8:09  Roach x2  
  137  8:13  Drone  
  137  8:14  Roach  
  137  8:16  Roach  
  142  8:20  Roach x2  
  142  8:23  Ravager x2  
  142  8:26  Roach  
  150  8:31  Overlord  
  150  8:32  Roach x2  
  154  8:35  Overlord  
  154  8:40  Overlord  
  154  8:43  Extractor  
  154  8:44  Drone  
  154  8:47  Overlord  
  154  8:49  Overlord  
  154  8:50  Ravager  
  154  8:51  Roach x3  
  154  8:53  Overlord  
  163  8:55  Roach  
  163  9:00  Roach x2  
  167  9:02  Overlord  
  167  9:06  Roach x2  
  171  9:10  Roach  
  171  9:11  Ravager x2  
  171  9:15  Roach x2  
  178  9:17  Roach  
  178  9:22  Roach  
  183  9:24  Roach  
  183  9:27  Roach  
  183  9:28  Roach  
  183  9:29  Roach  
  186  9:31  Roach  
  186  9:36  Roach x2  
  186  9:38  Roach  
  184  9:41  Roach x2  
  184  9:45  Roach x2  
  182  9:47  Roach  
  182  9:50  Roach  
Show
View Real Time Build Order
Export as new Build Order

Rogue Zerg 

Build Orders: Pool First 

Get SALT Encoding   

  12  0:00  Drone  
  13  0:12  Overlord  
  13  0:16  Drone  
  14  0:30  Drone x2  
  16  0:39  Spawning Pool  
  15  0:43  Drone  
  15  0:46  Drone  
  17  1:07  Hatchery  
  17  1:10  Drone  
  17  1:24  Extractor  
  16  1:26  Queen  
  16  1:27  Zergling x2  
  20  1:40  Drone x3  
  22  1:50  Overlord  
  22  2:08  Queen  
  22  2:09  Zergling x2  
  22  2:13  Drone  
  26  2:18  Queen  
  26  2:19  Drone  
  29  2:24  Drone  
  30  2:31  Drone, Metabolic Boost  
  30  2:34  Drone x2  
  30  2:35  Drone  
  34  2:38  Overlord  
  34  2:43  Drone  
  35  2:54  Drone  
  35  2:56  Queen  
  38  3:00  Zergling x4  
  39  3:06  Zergling x2, Spine Crawler  
  39  3:08  Zergling x2  
  39  3:11  Zergling x2  
  41  3:17  Zergling x2  
  41  3:18  Zergling x2  
  42  3:24  Zergling x2  
  44  3:35  Baneling Nest  
  43  3:43  Overlord  
  43  3:57  Hatchery  
  42  4:05  Zergling x4  
  44  4:13  Drone  
  44  4:16  Evolution Chamber  
  44  4:20  Drone x3  
  45  4:28  Drone  
  46  4:35  Zergling x4  
  43  4:39  Zergling x6  
  43  4:45  Zerg Ground Armor Level 1  
  45  5:00  Overlord  
  45  5:01  Overlord  
  45  5:06  Overlord  
  45  5:10  Drone x3  
  45  5:13  Drone  
  49  5:28  Hatchery  
  48  5:29  Zergling x2  
  48  5:30  Zergling x2  
  48  5:32  Zergling x2  
  48  5:35  Roach Warren  
  50  5:37  Zergling x6  
  50  5:42  Zergling x6  
  56  5:45  Drone x2  
  58  5:55  Lair  
  58  5:57  Drone  
  58  5:58  Drone x2  
  58  5:59  Extractor  
  58  6:00  Extractor  
  59  6:06  Drone  
  59  6:07  Drone x3  
  59  6:09  Drone x2  
  65  6:12  Drone  
  65  6:17  Drone  
  66  6:27  Evolution Chamber  
  66  6:28  Roach x2  
  66  6:30  Roach  
  66  6:32  Roach  
  73  6:34  Overlord, Roach  
  73  6:35  Overlord  
  73  6:37  Overlord  
  75  6:42  Drone  
  75  6:43  Drone x2  
  75  6:45  Drone  
  79  6:47  Zerg Missile Weapons Level 1  
  79  6:51  Ravager x2  
  79  6:53  Glial Reconstitution  
  81  6:56  Zergling x6  
  81  6:58  Roach  
  86  7:04  Drone x4  
  86  7:07  Extractor  
  89  7:11  Drone x2  
  89  7:15  Zerg Ground Armor Level 2  
  91  7:16  Overlord  
  91  7:24  Roach x2  
  91  7:26  Overlord  
  91  7:27  Overseer  
  95  7:33  Roach  
  95  7:34  Overlord  
  95  7:36  Overlord  
  97  7:42  Roach x4  
  97  7:44  Roach  
  107  7:47  Roach  
  107  7:50  Spine Crawler  
  110  7:51  Roach x2  
  110  7:54  Roach  
  110  7:57  Roach  
  116  7:59  Roach  
  116  8:01  Overlord  
  116  8:04  Overlord  
  118  8:06  Overseer  
  118  8:10  Roach x2  
  122  8:13  Overlord  
  122  8:17  Roach x2  
  126  8:24  Overlord  
  126  8:30  Roach x4  
  126  8:34  Roach x3  
  140  8:38  Roach x2  
  144  8:42  Roach x2  
  144  8:47  Drone x4  
  152  8:51  Extractor  
  152  8:53  Overlord  
  151  8:56  Roach x2  
  151  8:57  Ravager x2  
  157  9:04  Roach  
  157  9:08  Overlord  
  158  9:16  Roach  
  158  9:17  Roach  
  161  9:18  Roach  
  161  9:20  Roach  
  161  9:23  Roach  
  164  9:24  Roach x2  
  164  9:27  Roach  
  164  9:31  Roach  
  164  9:32  Roach x2  
  164  9:35  Roach x2  
  164  9:38  Roach  
  152  9:40  Roach  
  152  9:44  Roach  
  152  9:45  Roach x2  
  138  9:47  Roach  

Tags
 
Add a new tag
Caveats
  • Supply blocks, unpowered buildings, or Contaminate may cause inaccurate times.
  • Supply counts are checked every 10 seconds.